 Dungeon Crawl Stone Soup version 0.14.2 (webtiles) character file.

382 Nihil the Sneak (level 6, -8/29 HPs)
             Began as a Spriggan Enchanter on Dec 7, 2016.
             Mangled by a goliath beetle (27 damage)
             ... on Level 5 of the Dungeon.
             The game lasted 00:13:34 (4955 turns).

Nihil the Sneak (Spriggan Enchanter)                Turns: 4955, Time: 00:13:34

HP  -8/29        AC  3     Str  4      XL: 6   Next:  3%
MP   5/20        EV 20     Int 16      God:
Gold 107         SH  0     Dex 19      Spells:  3 memorised,  7 levels left

rFire  . . .     SeeInvis +     a - +1 dagger
rCold  . . .     Clarity  .     b - +1 robe
rNeg   + . .     Conserve .     (shield restricted)
rPois  .         rCorr    .     (helmet restricted)
rElec  .         rRot     .     (no cloak)
SustAb . .       Spirit   .     (gloves unavailable)
rMut   .         Warding  +     (boots unavailable)
Saprov . . .     Stasis   .     g - amulet of warding
MR     +....                    (no ring)
                                (no ring)

@: very quick, somewhat resistant to hostile enchantments, quite stealthy
A: unfitting armour, see invisible, herbivore 3, speed 3, slow metabolism 2
a: no special abilities


You were on level 5 of the Dungeon.
You were very hungry.

You visited 1 branch of the dungeon, and saw 5 of its levels.

You collected 107 gold pieces.

Inventory:

Hand weapons
 a - a +1,+1 dagger (weapon)
Missiles
 d - 12 darts (quivered)
Armour
 b - a +1 robe (worn)
Scrolls
 h - a scroll of identify
 i - a scroll of magic mapping
 m - 3 scrolls of remove curse
Jewellery
 g - an amulet of warding (around neck)
Potions
 e - a potion of porridge
 f - a potion of curing
 k - a potion of degeneration {unknown}
 l - a potion of heal wounds {unknown}
Books
 c - a book of Maledictions

   Spells                             Type                      Level
   *Corona                            Hexes                        1
   Sure Blade                         Hexes/Charms                 2
   *Ensorcelled Hibernation           Hexes/Ice                    2
   *Confuse                           Hexes                        3
   Enslavement                        Hexes                        4
   Invisibility                       Hexes                        6


   Skills:
 + Level 0.8 Fighting
 + Level 1.8 Short Blades
 + Level 1.1 Throwing
 + Level 4.4 Dodging
 + Level 5.4 Stealth
 + Level 4.3 Spellcasting
 + Level 5.1 Hexes
 + Level 0.1 Ice Magic


You had 7 spell levels left.
You knew the following spells:

 Your Spells              Type           Power        Failure   Level  Hunger
a - Corona                Hex            ###....      1%          1    None
b - Ensorcelled Hibernat  Hex/Ice        ##....       10%         2    ##.....
c - Confuse               Hex            ###.....     8%          3    ###....


Dungeon Overview and Level Annotations

Branches:
Dungeon (5/15)
 Temple: D:4-7

Altars:
Makhleb
Zin

Annotations:
D:4 Duvessa
D:5 Pikel


Innate Abilities, Weirdness & Mutations

You are tiny and cannot use many weapons and most armour.
You have supernaturally acute eyesight.
You are a herbivore.
You cover ground extremely quickly.
You need consume almost no food.


Message History

You hit the goliath beetle but do no damage.
The goliath beetle is heavily wounded.
You strike the helpless goliath beetle from behind!
You slash the goliath beetle!
The goliath beetle is severely wounded.
You hit the goliath beetle.
The goliath beetle is severely wounded.
You hit the goliath beetle but do no damage.
The goliath beetle is severely wounded.
You hit the goliath beetle but do no damage.
The goliath beetle is severely wounded.
The iguana seems less confused.
You barely miss the goliath beetle.
The goliath beetle is severely wounded.
The sky beast seems less confused.
You hit the goliath beetle but do no damage.
The goliath beetle is severely wounded.
The goliath beetle seems less confused.
The goliath beetle bites you!
Ouch! That really hurt!
You die...

#.#.# #.#...#.#######
#.#..
.#.##.......<).#
#.#.#.
#...........#.#.#
#+#+#.# #
#.....#.....#.#.# . .
.?.#...........#.#.#
. #
##.#.###.........#.#
.
#...........#.#####.#
....................#
######..@.....#######
+.BI.....# #..l....##
#..$.<..# #.......#
#####.......#
..B.........#
........#####
...>.....#


You could see a goliath beetle, a sky beast and an iguana.

Vanquished Creatures
  A phantom (D:4)
  Dowan (D:4)
  An ogre skeleton (D:4)
  5 adders
  A giant mite (D:4)
  2 worms
  A giant eyeball (D:5)
  2 giant geckos
  An ooze (D:1)
  An orc (D:3)
  7 bats
  8 hobgoblins
  10 kobolds
  3 giant cockroaches
  3 giant newts
  9 goblins
  4 quokkas
  9 rats
69 creatures vanquished.

Notes
Turn   | Place    | Note
--------------------------------------------------------------
     0 | D:1      | Nihil, the Spriggan Enchanter, began the quest for the Orb.
     0 | D:1      | Reached XP level 1. HP: 9/9 MP: 4/4
   654 | D:1      | Reached XP level 2. HP: 13/13 MP: 7/7
   772 | D:1      | Reached skill level 4 in Hexes
   964 | D:1      | Learned a level 2 spell: Ensorcelled Hibernation
  1126 | D:2      | Reached XP level 3. HP: 16/16 MP: 10/10
  1365 | D:2      | Found a burning altar of Makhleb.
  1616 | D:2      | Reached XP level 4. HP: 16/21 MP: 7/13
  2683 | D:3      | Learned a level 3 spell: Confuse
  3502 | D:4      | Noticed a phantom
  3618 | D:4      | Found a glowing silver altar of Zin.
  3642 | D:4      | Noticed a phantom
  3895 | D:4      | Killed a phantom
  3895 | D:4      | Reached skill level 5 in Stealth
  3895 | D:4      | Reached XP level 5. HP: 15/25 MP: 1/18
  4327 | D:4      | Noticed Duvessa
  4332 | D:4      | Noticed Dowan
  4489 | D:4      | Reached skill level 5 in Hexes
  4591 | D:4      | Killed Dowan
  4591 | D:4      | Reached XP level 6. HP: 17/29 MP: 6/20
  4635 | D:5      | Entered Level 5 of the Dungeon
  4682 | D:5      | Noticed Pikel
  4955 | D:5      | Mangled by a goliath beetle

Action                   |  1- 3 |  4- 6 || total
-------------------------+-------+-------++-------
Melee: Dagger            |   132 |   171 ||   303
Throw: Dart              |       |     1 ||     1
 Cast: Ensorcelled Hiber |     3 |    23 ||    26
       Confuse           |       |    29 ||    29
  Use: Scroll            |     2 |     5 ||     7
       Potion            |     2 |       ||     2
 Stab: Sleeping          |    14 |    10 ||    24
       Confused          |       |     8 ||     8
